 Dungeon Crawl Stone Soup version 0.30-a0-40-gc6d0f036a7 (webtiles) character file.

Game seed: 90665831747313933

93 Newt the Trooper (level 4, 0/35 HPs)
             Began as a Demonspawn Gladiator on Aug 29, 2022.
             Succumbed to an orc's poison
             ... on level 3 of the Dungeon.
             The game lasted 00:03:03 (2414 turns).

Newt the Trooper (Demonspawn Gladiator)             Turns: 2414, Time: 00:03:04

Health: 0/35       AC:  5    Str: 15    XL:     4   Next: 36%
Magic:  4/4        EV: 12    Int:  9    God:
Gold:   113        SH:  5    Dex: 16    Spells: 3/3 levels left

rFire   . . .      SeeInvis .    n - +3 sling (flame)
rCold   . . .      Faith    .    (no shield)
rNeg    . . .      Spirit   .    i - +1 leather armour
rPois   .          Reflect  +    c - +0 helmet
rElec   .          Harm     .    (no cloak)
rCorr   .          Rampage  .    (no gloves)
Will    .....                    (no boots)
Stlth   ++........               k - amulet of reflection
HPRegen 0.11/turn                (no ring)
MPRegen 0.09/turn                (no ring)

@: lethally poisoned (0 -> -15)
A: ignite blood 1
a: no special abilities


You were on level 3 of the Dungeon.
You visited 1 branch of the dungeon, and saw 3 of its levels.

You collected 113 gold pieces.

Inventory:

Hand Weapons
 a - a +0 rapier
 b - a +0 sling
 n - a +3 sling of flaming (weapon)
Missiles
 d - 3 throwing nets
 g - 5 poisoned darts
Armour
 c - a +0 helmet (worn)
 i - a +1 leather armour (worn)
Jewellery
 k - an amulet of reflection (around neck)
Scrolls
 f - 2 scrolls of fear
Potions
 h - a potion of heal wounds {unknown}
 j - a potion of might {unknown}
 m - 2 potions of lignification


   Skills:
 - Level 3.0 Fighting
 - Level 2.6 Short Blades
 + Level 2.2 Ranged Weapons
 - Level 1.7 Throwing
 - Level 2.6 Dodging
 - Level 2.0 Stealth


You had 3 spell levels left.
You didn't know any spells.
Your spell library contained the following spells:

 Spells                   Type           Power      Damage    Failure   Level
 Static Discharge         Conj/Air       0%         3-3/arc   58%         2
 Lightning Bolt           Conj/Air       0%         1d11      100%        5
 Maxwell's Capacitive Co  Air            0%         ∞         100%        8


Dungeon Overview and Level Annotations

Branches:
Dungeon (3/15)

Altars:


Innate Abilities, Weirdness & Mutations

Your demonic aura sometimes causes spilled blood to erupt in flames.


Message History

You feel sick.
Fire: n) +3 sling (flame)
Press: ? - help, Shift-Dir - straight line, f/p - orc
Aim: an orc, wielding a +1 short sword of venom and wearing a +0 leather armour (63% to hit)
You shoot a sling bullet. The sling bullet hits the orc!
The sling bullet burns the orc.
You kill the orc!
You feel sick. The jackal completely misses you.
Fire: n) +3 sling (flame)
Press: ? - help, Shift-Dir - straight line, f/p - orc
Aim: an orc, wielding a +1 short sword of venom and wearing a +0 leather armour (63% to hit)
You shoot a sling bullet. The sling bullet hits the jackal.
The sling bullet burns the jackal.
You kill the jackal!
You feel sick.
You are no longer poisoned.
Fire: n) +3 sling (flame)
Press: ? - help, Shift-Dir - straight line, f/p - orc
Aim: an orc, wielding a +1 short sword of venom and wearing a +0 leather armour (63% to hit)
You shoot a sling bullet. The sling bullet hits the orc.
The sling bullet burns the orc.
The orc is heavily wounded.
The orc hits you but does no damage.
Fire: n) +3 sling (flame)
Press: ? - help, Shift-Dir - straight line, f/p - orc
Aim: an orc, wielding a +1 short sword of venom and wearing a +0 leather armour (heavily wounded, 63% to hit)
You shoot a sling bullet.
The sling bullet closely misses the orc.
The orc hits you but does no damage.
You are poisoned.
The orc hits you with a +1 short sword of venom.
* * * LOW HITPOINT WARNING * * *
You are more poisoned.
Unknown command.
Fire: n) +3 sling (flame)
Press: ? - help, Shift-Dir - straight line, f/p - orc
Aim: an orc, wielding a +1 short sword of venom and wearing a +0 leather armour (heavily wounded, 63% to hit)
You shoot a sling bullet.
The sling bullet closely misses the orc.
You die...

#######'.#.....#......#
.......#.#.#####......#
'####'.#...# ###......#
#....#.#.### #........#
#.##.#.#..####.#......#
#.##.#.#.......#......#
#....#.#.#######....[.#
+####+.#.# #......# .
..#.# #@#.####
#######+.) ##o#.#
....... #.(#.# .......
#)).##.. .......
........ . .......
##....### ....... ###..
....... #.. ....... #..


You could see an orc.

Vanquished Creatures
  2 adders (D:2)
  A dart slug (D:2)
  4 orcs (D:3)
  4 ball pythons
  7 bats
  5 endoplasms
  2 giant cockroaches
  9 goblins
  3 hobgoblins (D:1)
  10 jackals
  2 kobolds (D:1)
  3 quokkas
  2 frilled lizards
  5 rats
59 creatures vanquished.

Vanquished Creatures (others)
  3 fungi (D:3)
  3 toadstools (D:3)
6 creatures vanquished.

Grand Total: 65 creatures vanquished

Notes
Turn   | Place    | Note
-------+----------+-------------------------------------------
     0 | D:1      | Newt the Demonspawn Gladiator began the quest for the Orb.
     0 | D:1      | Reached XP level 1. HP: 16/16 MP: 1/1
   166 | D:1      | Reached skill level 1 in Stealth
   398 | D:1      | Gained mutation: Your demonic aura sometimes causes spilled
                  | blood to erupt in flames. [demonic ancestry]
   398 | D:1      | Reached XP level 2. HP: 15/22 MP: 2/2
  1103 | D:1      | Found a faded altar of an unknown god.
  1140 | D:2      | Reached XP level 3. HP: 28/28 MP: 3/3
  1179 | D:2      | Reached skill level 3 in Fighting
  1364 | D:2      | Reached skill level 1 in Ranged Weapons
  1907 | D:2      | Reached XP level 4. HP: 35/35 MP: 4/4
  2414 | D:3      | Succumbed to an orc's poison

Illustrated notes

Levels and vault maps discovered:
D:1:      amcnicky_arrival_underground_garden, layout_loops_ring,
          shapermc_ecumenical_altar_mp_vishouse
D:2:      minmay_general_purpose_star, layout_basic
D:3:      layout_rooms, minmay_gold_behind_fungi, minivault_11

Skill      XL: |  1  2  3  4 |
---------------+-------------+-----
Stealth        | 1 2 |  2.0
Fighting       | 3 |  3.0
Ranged Weapons | 1 2 |  2.2
Short Blades   | |  2.6
Throwing       | |  1.7
Dodging        | |  2.6

Action                   |  1- 3 |  4- 6 || total
-------------------------+-------+-------++-------
Melee: Rapier            |    49 |       ||    49
       Punch             |     2 |       ||     2
 Fire: Sling             |    85 |    42 ||   127
Throw: Javelin           |       |     1 ||     1
  Use: Scroll            |       |     8 ||     8
Armor: Leather armour    |    46 |     7 ||    53
Dodge: Dodged            |    81 |    14 ||    95
Block: Other             |     6 |     2 ||     8

Table legend: (Time is in decaauts)
 A = Elapsed time spent in this place.
 B = Non-inter-level travel time spent in this place.
 C = Inter-level travel time spent in this place.
 D = Time resting spent in this place.
 E = Time spent auto-exploring this place.
 F = Levels seen in this place.
 G = Mean time per level.
                   A        B        C        D        E       F      G
               +--------+--------+--------+--------+--------+-----+--------+
         Total |   2466 |   2392 |     74 |    175 |   1789 |   3 |  822.0 |
       Dungeon |   2466 |   2392 |     74 |    175 |   1789 |   3 |  822.0 |
               +--------+--------+--------+--------+--------+-----+--------+

Top non-repeatable levels by time:
     D:1: 1147 daAuts
     D:2: 1119 daAuts
     D:3: 199 daAuts
